 Dungeon Crawl Stone Soup version 0.30-a0-824-g6c64550be9 (webtiles) character file.

Game seed: 1908502377695632857

89 Nacht the Digger (level 4, -15/30 HPs)
             Began as a Demonspawn Earth Elementalist on Feb 27, 2023.
             Killed from afar by a steam dragon (18 damage)
             ... with a ball of steam
             ... on level 3 of the Dungeon.
             The game lasted 00:02:53 (2343 turns).

Nacht the Digger (Demonspawn Earth Elementalist)    Turns: 2343, Time: 00:02:54

Health: -15/30     AC:  2    Str:  8    XL:     4   Next: 31%
Magic:  1/7        EV: 12    Int: 18    God:
Gold:   118        SH:  0    Dex: 14    Spells: 1/7 levels left

rFire   . . .      SeeInvis .    b - +2 short sword (flame)
rCold   . . .      Faith    .    (no shield)
rNeg    . . .      Spirit   .    a - +0 robe
rPois   .          Reflect  .    (helmet restricted)
rElec   .          Harm     .    (no cloak)
rCorr   .          Rampage  .    (no gloves)
Will    .....                    (no boots)
Stlth   ++                       c - amulet of the acrobat
HPRegen 0.25/turn                (no ring)
MPRegen 0.10/turn                (no ring)

@: no status effects
A: antennae 1, demonic magic 1
a: no special abilities


You were on level 3 of the Dungeon.
You visited 1 branch of the dungeon, and saw 3 of its levels.

You collected 118 gold pieces.

Inventory:

Hand Weapons
 b - a +2 short sword of flaming (weapon)
Missiles
 l - 7 poisoned darts
Armour
 a - a +0 robe (worn)
Jewellery
 c - an amulet of the acrobat (around neck)
 k - a ring of magical power
Wands
 g - a wand of digging (5)
Scrolls
 d - 5 scrolls of identify {unknown}
 e - a scroll of amnesia {unknown}
 f - a scroll of fog {unknown}
 h - 3 scrolls of magic mapping {unknown}
 i - a scroll of enchant armour {unknown}
 j - a scroll of teleportation {unknown}
 m - a scroll of brand weapon {unknown}


   Skills:
 - Level 1.7 Dodging
 - Level 1.7 Stealth
 - Level 2.0 Spellcasting
 - Level 0.8 Transmutations
 + Level 4.7 Earth Magic


You had one spell level left.
You knew the following spells:

 Your Spells              Type           Power      Damage    Failure   Level
a - Sandblast             Erth           36%        2d10      2%          1
b - Stone Arrow           Conj/Erth      20%        3d8       21%         3
w - Passwall              Tmut/Erth      9%         N/A       9%          2

Your spell library contained the following spells:

 Spells                   Type           Power      Damage    Failure   Level
 Petrify                  Tmut/Erth      11%        N/A       50%         4


Dungeon Overview and Level Annotations

Branches:
Dungeon (3/15)

Altars:

Shops:
D:1 (


Innate Abilities, Weirdness & Mutations

You have a pair of small antennae on your head.
Spells you cast may paralyse adjacent enemies.


Message History

Aim: a steam dragon (moderately wounded, paralysed, 100% to hit)
The blast of sand hits the steam dragon.
The steam dragon is moderately wounded.
Malevolent energies surge around you.
The steam dragon is no longer paralysed.
The steam dragon barely misses you. The steam dragon claws you.
Casting: Sandblast (safe; 2% risk of failure)
Confirm with . or Enter, or press ? or * to list all spells.
Aiming: Sandblast (safe; 2% risk of failure)
Press: ? - help, Shift-Dir - straight line, f/p - steam dragon
Aim: a steam dragon (moderately wounded, 82% to hit)
The blast of sand hits the steam dragon!
The steam dragon is heavily wounded.
Malevolent energies surge around you.
The steam dragon suddenly stops moving!
Casting: Sandblast (safe; 2% risk of failure)
Confirm with . or Enter, or press ? or * to list all spells.
Aiming: Sandblast (safe; 2% risk of failure)
Press: ? - help, Shift-Dir - straight line, f/p - steam dragon
Aim: a steam dragon (heavily wounded, paralysed, 100% to hit)
The blast of sand hits the steam dragon but does no damage.
The steam dragon is heavily wounded.
Malevolent energies surge around you.
The steam dragon is no longer paralysed.
The steam dragon closely misses you. The steam dragon barely misses you.
Casting: Sandblast (safe; 2% risk of failure)
Confirm with . or Enter, or press ? or * to list all spells.
Aiming: Sandblast (safe; 2% risk of failure)
Press: ? - help, Shift-Dir - straight line, f/p - steam dragon
Aim: a steam dragon (heavily wounded, 82% to hit)
The blast of sand hits the steam dragon!
The steam dragon is severely wounded.
Malevolent energies surge around you. The steam dragon breathes steam at you.
The ball of steam hits you!!
Ouch! That really hurt!
* * * LOW HITPOINT WARNING * * *
The steam dragon breathes steam at you. The ball of steam hits you!!
Ouch! That really hurt!
You die...

.######.####.# #.#
...#####.###.
.##........#.###.##....#
<.....
#......##.#...........#
#.####.
....#....#.#..##.####+##
#. #. .......#.#.#..##.#
#. ## .....(.........#.#
##.....#.#.#.###.####...
#.........#...ยง........
##.####.#######@###....
#. ...........D......
###.#######.##..... ...
..# .... #.. ..# ###
#..# #..$ #?#.


You could see a steam dragon (catching breath).

Vanquished Creatures
  An adder (D:3)
  A worm (D:2)
  3 dart slugs (D:2)
  8 ball pythons
  4 bats
  2 endoplasms
  3 giant cockroaches
  10 goblins
  5 hobgoblins
  11 jackals
  5 frilled lizards
  6 kobolds
  4 rats
63 creatures vanquished.

Notes
Turn   | Place    | Note
-------+----------+-------------------------------------------
     0 | D:1      | Nacht the Demonspawn Earth Elementalist began the quest for
                  | the Orb.
     0 | D:1      | Reached XP level 1. HP: 13/13 MP: 3/3
   133 | D:1      | Reached skill level 3 in Earth Magic
   199 | D:1      | Gained mutation: Spells you cast may paralyse adjacent
                  | enemies. [demonic ancestry]
   199 | D:1      | Reached XP level 2. HP: 19/19 MP: 1/5
   208 | D:1      | Found Ihoe's Antique Weapon Emporium.
   495 | D:1      | Found a faded altar of an unknown god.
   591 | D:1      | Reached XP level 3. HP: 24/24 MP: 1/6
   727 | D:1      | Learned a level 2 spell: Passwall
   731 | D:1      | Learned a level 3 spell: Stone Arrow
   807 | D:1      | Reached skill level 4 in Earth Magic
  1777 | D:2      | Gained mutation: You have a pair of small antennae on your
                  | head. [demonic ancestry]
  1777 | D:2      | Reached XP level 4. HP: 30/30 MP: 4/7
  2337 | D:3      | Noticed a steam dragon
  2343 | D:3      | Killed from afar by a steam dragon

Illustrated notes

Levels and vault maps discovered:
D:1:      dpeg_arrival_stone_temple_mockup, layout_basic, serial_shops,
          nicolae_shop_waterfront, shapermc_ecumenical_altar_gd,
          chequers_serial_rivers_room_b
D:2:      layout_rooms, chequers_serial_rivers_small_b
D:3:      layout_basic

Skill      XL: |  1  2  3 |
---------------+----------+-----
Earth Magic    | 3 4 |  4.7
Dodging        | |  1.7
Stealth        | |  1.7
Spellcasting   | |  2.0
Transmutations | |  0.8

Action                     |  1- 3 |  4- 6 || total
---------------------------+-------+-------++-------
  Melee: Unarmed           |     3 |       ||     3
         Short sword       |     9 |       ||     9
   Cast: Sandblast         |    80 |    22 ||   102
    Use: Potion            |     1 |       ||     1
   Stab: Paralysed         |     1 |       ||     1
 Armour: Robe              |     9 |     1 ||    10
  Dodge: Dodged            |    27 |     7 ||    34

Table legend: (Time is in decaauts)
 A = Elapsed time spent in this place.
 B = Non-inter-level travel time spent in this place.
 C = Inter-level travel time spent in this place.
 D = Time resting spent in this place.
 E = Time spent auto-exploring this place.
 F = Levels seen in this place.
 G = Mean time per level.
                   A        B        C        D        E       F      G
               +--------+--------+--------+--------+--------+-----+--------+
         Total |   2394 |   2343 |     51 |      0 |   1953 |   3 |  798.0 |
       Dungeon |   2394 |   2343 |     51 |      0 |   1953 |   3 |  798.0 |
               +--------+--------+--------+--------+--------+-----+--------+

Top non-repeatable levels by time:
     D:1: 1168 daAuts
     D:2: 821 daAuts
     D:3: 404 daAuts
